 Dungeon Crawl Stone Soup version 0.31-a0-486-g8d68a81214 (webtiles) character file.

Game seed: 9772707827273246619

198 arthad the Firebug (level 5, -7/37 HPs)
             Began as a Demonspawn Fire Elementalist on Aug 8, 2023.
             Mangled by Grinder (9 damage)
             ... while paralysed by Grinder
             ... on level 4 of the Dungeon.
             The game lasted 00:10:49 (4252 turns).

arthad the Firebug (Demonspawn Fire Elementalist)   Turns: 4252, Time: 00:10:49

Health: -7/37      AC:  3    Str:  8    XL:     5   Next: 47%
Magic:  2/9        EV:  2    Int: 18    God:
Gold:   186        SH:  0    Dex: 14    Spells: 6/9 levels left

rFire   . . .        (no weapon)
rCold   . . .        (no shield)
rNeg    . . .        a - +0 robe
rPois   .            (no helmet)
rElec   .            (no cloak)
rCorr   .            (no gloves)
SInv    .            o - +0 pair of boots
Will    .....        (no amulet)
Stlth   ++           i - ring of wizardry
HPRegen 0.26/turn    (no ring)
MPRegen 0.11/turn

%: wizardry (x1)
@: paralysed
A: hooves 1, foul stench 1, spiny 1
a: no special abilities


You were on level 4 of the Dungeon.
You visited 1 branch of the dungeon, and saw 5 of its levels.

You collected 186 gold pieces.

Inventory:

Missiles
 d - 8 poisoned darts
Armour
 a - a +0 robe (worn)
 o - a +0 pair of boots (worn)
Magical Staves
 q - a staff of air
Jewellery
 i - a ring of wizardry (left hand)
Scrolls
 h - a scroll of enchant armour {unknown}
 j - a scroll of enchant weapon {unknown}
 m - a scroll of teleportation {unknown}
 r - a scroll of poison {unknown}
 s - a scroll of fog {unknown}
 t - a scroll of noise {unknown}
Potions
 b - a potion of magic
 c - 2 potions of cancellation
 f - a potion of brilliance
 g - a potion of attraction
 k - a potion of lignification
 l - a potion of heal wounds
 n - a potion of enlightenment {unknown}
 p - a potion of invisibility {unknown}


   Skills:
 + Level 1.4 Fighting
 + Level 2.2 Dodging
 + Level 2.4 Stealth
 * Level 2.9 Spellcasting
 * Level 2.4 Conjurations
 * Level 3.5 Fire Magic
 + Level 1.2 Air Magic


You had 6 spell levels left.
You knew the following spells:

 Your Spells              Type           Power      Damage    Failure   Level
a - Foxfire               Conj/Fire      52%        2x1d6     1%          1
b - Scorch                Fire           30%        2d6       2%          2

Your spell library contained the following spells:

 Spells                   Type           Power      Damage    Failure   Level
 Apportation              Tloc           4%         N/A       7%          1
 Poisonous Vapours        Pois/Air       8%         N/A       8%          2
 Inner Flame              Hex/Fire       8%         N/A       10%         3
 Volatile Blastmotes      Fire/Tloc      16%        2d11      10%         3
 Dazzling Flash           Conj/Hex       14%        N/A       12%         3
 Mephitic Cloud           Conj/Pois/Air  7%         N/A       12%         3
 Flame Wave               Conj/Fire      13%        2d6       19%         4
 Ozocubu's Armour         Ice            2%         N/A       21%         3
 Freezing Cloud           Conj/Ice/Air   3%         6-21      69%         5
 Silence                  Hex/Air        2%         N/A       77%         5
 Agony                    Necr           2%         N/A       86%         5
 Alistair's Intoxication  Tmut/Pois      1%         N/A       86%         5
 Yara's Violent Unravell  Hex/Tmut       1%         3d3       86%         5
 Enfeeble                 Hex            1%         N/A       100%        7
 Ozocubu's Refrigeration  Ice            1%         4d7       100%        7


Dungeon Overview and Level Annotations

Branches:
Dungeon (5/15)
 Temple: D:4-7

Altars:

Shops:
D:5 [

Annotations:
D:4 Grinder


Innate Abilities, Weirdness & Mutations

You have large cloven feet.
You may rarely emit foul miasma when damaged in melee.
You are partially covered in sharp spines.


Message History

Grinder is moderately wounded.
Grinder's fire resistance burns away.
Grinder gestures at you. Pain shoots through your body!
* * * LOW HITPOINT WARNING * * *
You are too injured to fight recklessly!
Casting: Foxfire (safe; 1% risk of failure)
Press: ? - help, Q - select action, (/) - cycle Dir - look around, f - activate You conjure some foxfire!
Grinder blinks!
Okay, then.
Okay, then.
Casting: Foxfire (safe; 1% risk of failure)
Press: ? - help, Q - select action, (/) - cycle Dir - look around, f - activate You conjure some foxfire!
Grinder is no longer more vulnerable to fire.
The foxfire hits Grinder but does no damage.
Grinder is moderately wounded.
The foxfire hits Grinder.
Grinder is moderately wounded.
Grinder gestures at you. You resist with significant effort.
Casting: Foxfire (safe; 1% risk of failure)
Press: ? - help, Q - select action, (/) - cycle Dir - look around, f - activate You conjure some foxfire!
Grinder blinks!
Unknown command.
The foxfire hits Grinder.
Grinder is moderately wounded.
The foxfire hits Grinder.
Grinder is moderately wounded.
The foxfire hits Grinder.
Grinder is heavily wounded.
Grinder gestures at you.
You suddenly lose the ability to move!
Grinder gestures at you. Pain shoots through your body!
* * * LOW HITPOINT WARNING * * *
Grinder hits you!
You die...

# #...##
#.#+#...#'#.#.......... #
#.#.# ###.......#####.......#
# #.#.#
#.........[.###+#...#'# #
#...#####.........###..#####.#
#
##...##.+.........'.#.######.#
#
#...##.##.......##...##.....#
#
##......#.......###.....#####
# #......####5######.##.## #
##..##.....@........#.###### #
#..###########.#####.......
#....#<# #>.5.5..######
##.#.#.# #.###.#.#.#...
#.....# #.......#...#. #.#####
#.###.......#. #.#
##.##........## #.##
###..##....##..# #..#
####[..###..###...##


You could see Grinder.

Vanquished Creatures
  An iguana (D:4)
  7 gnolls
  3 adders
  An ufetubus (D:4)
  A dart slug (D:2)
  5 endoplasms
  4 giant cockroaches (D:1)
  11 hobgoblins
  9 kobolds
  3 quokkas
  9 ball pythons
  2 bats
  2 frilled lizards
  7 goblins
  9 rats
74 creatures vanquished.

Vanquished Creatures (collateral kills)
  A foxfire (D:4)
1 creature vanquished.

Vanquished Creatures (others)
  268 foxfires
268 creatures vanquished.

Grand Total: 343 creatures vanquished

Notes
Turn   | Place    | Note
-------+----------+-------------------------------------------
     0 | D:1      | arthad the Demonspawn Fire Elementalist began the quest for
                  | the Orb.
     0 | D:1      | Reached XP level 1. HP: 13/13 MP: 3/3
   300 | D:1      | Discovered your monstrous ancestry.
   300 | D:1      | Gained mutation: You have large cloven feet. [demonic
                  | ancestry]
   300 | D:1      | Reached XP level 2. HP: 19/19 MP: 0/5
   878 | D:1      | Gained mutation: You are partially covered in sharp spines.
                  | [demonic ancestry]
   878 | D:1      | Reached XP level 3. HP: 25/25 MP: 2/6
  1342 | D:2      | Found a faded altar of an unknown god.
  1354 | D:2      | Reached skill level 3 in Fire Magic
  1492 | D:2      | You fall into a shaft and drop 1 floor!
  1566 | D:3      | Learned a level 2 spell: Scorch
  1620 | D:2      | Reached skill level 1 in Fighting
  1868 | D:2      | Reached XP level 4. HP: 32/32 MP: 2/7
  2118 | D:2      | Reached skill level 1 in Air Magic
  3380 | D:4      | Gained mutation: You may rarely emit foul miasma when
                  | damaged in melee. [demonic ancestry]
  3380 | D:4      | Reached XP level 5. HP: 29/37 MP: 0/9
  4225 | D:5      | Entered Level 5 of the Dungeon
  4225 | D:5      | Noticed Grinder
  4225 | D:5      | Found Zuwkan's Armour Boutique.
  4234 | D:4      | Paralysed by Grinder for 5 turns
  4248 | D:4      | Paralysed by Grinder for 5 turns
  4252 | D:4      | Mangled by Grinder

Illustrated notes

Levels and vault maps discovered:
D:1:      giann_forest_graveyard, layout_rooms, serial_bayou,
          serial_bayou_pond_b, serial_bayou_ford_a, serial_bayou_pond_d,
          serial_bayou_shore_b, minmay_tromino_v4_b
D:2:      layout_loops_cross, chequers_ecumenical_altar_island,
          amethyst_killhole
D:3:      layout_basic, kennysheep_generic_room_8
D:4:      nicolae_cairo_tiling_very_big, layout_basic
D:5:      layout_basic, serial_shops, shop, serial_aquarium,
          aquarium_bridge_straight [aquarium_subvault_bridge,
          aquarium_subvault_window, aquarium_subvault_bridge,
          aquarium_subvault_balcony], aquarium_window_corner, aquarium_window_1,
          aquarium_view_2d, aquarium_pool_side, gup_sewer_entry_glass,
          nicolae_letterblocks [nicolae_letter_subblock,
          nicolae_letter_subblock, nicolae_letter_subblock,
          nicolae_letter_subblock, nicolae_letter_subblock,
          nicolae_letter_subblock, nicolae_letter_subblock,
          nicolae_letter_subblock, nicolae_letter_subblock,
          nicolae_letter_subblock, nicolae_letter_subblock,
          nicolae_letter_subblock, nicolae_letter_subblock,
          nicolae_letter_subblock, nicolae_letter_subblock,
          nicolae_letter_subblock, nicolae_letter_subblock,
          nicolae_letter_subblock, nicolae_letter_subblock,
          nicolae_letter_subblock, nicolae_letter_subblock,
          nicolae_letter_subblock, nicolae_letter_subblock,
          nicolae_letter_subblock, nicolae_letter_subblock],
          uniq_prince_ribbit1, uniq_grinder

Skill      XL: |  1  2  3  4 |
---------------+-------------+-----
Stealth        | 2 |  2.4
Fire Magic     | 3 |  3.5
Fighting       | 1 |  1.4
Dodging        | 2 |  2.2
Conjurations   | 2 |  2.4
Air Magic      | 1 |  1.2
Spellcasting   | |  2.9

Action                     |  1- 3 |  4- 6 || total
---------------------------+-------+-------++-------
  Melee: Unarmed           |     2 |     2 ||     4
   Cast: Foxfire           |    80 |    71 ||   151
         Scorch            |       |     8 ||     8
    Use: Scroll            |       |     7 ||     7
 Armour: Robe              |     3 |     2 ||     5
  Dodge: Dodged            |     5 |    12 ||    17

Table legend: (Time is in decaauts)
 A = Elapsed time spent in this place.
 B = Non-inter-level travel time spent in this place.
 C = Inter-level travel time spent in this place.
 D = Time resting spent in this place.
 E = Time spent auto-exploring this place.
 F = Levels seen in this place.
 G = Mean time per level.
                   A        B        C        D        E       F      G
               +--------+--------+--------+--------+--------+-----+--------+
         Total |   4276 |   4163 |    113 |     34 |   3600 |   5 |  855.2 |
       Dungeon |   4276 |   4163 |    113 |     34 |   3600 |   5 |  855.2 |
               +--------+--------+--------+--------+--------+-----+--------+

Top non-repeatable levels by time:
     D:1: 1257 daAuts
     D:2: 1168 daAuts
     D:4: 981 daAuts
     D:3: 865 daAuts
     D:5: 3 daAuts
